[Event "Titled Tuesday Blitz December 06 Early 2022"]
[White "Manukyan, Sargis A."]
[Black "Putnam, Liam"]
[WhiteFideId "13303970"]
[BlackFideId "30938279"]
[WhiteElo "2556"]
[BlackElo "2730"]
[Result "0-1"]
[Round "07"]
[TimeControl "180+1"]
[Date "2022.12.07"]
[WhiteClock "0:00:13"]
[BlackClock "0:00:11"]

1. d4 Nf6 2. c4 e6 3. Nc3 Bb4 4. e3 O-O 5. Nf3 b6 6. Bd2 Bb7 7. Bd3 d6 8. Qc2 Nbd7 9. e4 c5 10. d5 exd5 11. exd5 Re8+ 12. Kf1 Bxc3 13. Bxc3 b5 14. b3 a5 15. h4 a4 16. Rh3 axb3 17. axb3 Rxa1+ 18. Bxa1 Qa5 19. Bc3 Qa3 20. Rg3 bxc4 21. bxc4 h6 22. Bf5 Ne5 23. Nxe5 dxe5 24. Bxe5 Qa6 25. Bxf6 Qxf6 26. Kg1 Re1+ 27. Kh2 Qa1 28. Re3 Rxe3 29. fxe3 Qe5+ 30. g3 Qxe3 31. Qe4 Qxe4 32. Bxe4 Kf8 33. g4 Ba6 34. Bd3 Ke7 35. g5 hxg5 36. hxg5 Kd6 37. Kg3 Ke5 38. Be2 Bc8 39. Kh4 f5 40. gxf6 gxf6 41. Kg3 Bf5 42. Kf3 Bc2 43. Ke3 f5 44. Kd2 Be4 45. Kc3 f4 46. Kb3 f3 47. Bf1 Kf4 48. d6 Bc6 49. Bh3 f2 50. d7 Bxd7 51. Bf1 Ke3 52. Kc2 Bc6 53. Kc1 Bf3 54. Kc2 Be2 55. Bg2 f1=Q 56. Bxf1 Bxf1 57. Kc3 Bd3 58. Kb3 Kd4 59. Ka4 Bxc4 60. Ka3 Bd5 61. Ka4 c4 62. Ka3 c3 63. Ka4 c2 64. Ka3 c1=Q+ 65. Kb4 Qc4+ 66. Ka3 Qb3# 0-1


[Site "https://www.chess.com"]

[Event "Titled Tuesday Blitz December 06 Early 2022"]
[White "Martin, Lewis"]
[Black "Levine, David"]
[WhiteFideId "410551"]
[BlackFideId "2011611"]
[WhiteElo "2145"]
[BlackElo "2186"]
[Result "1-0"]
[Round "07"]
[TimeControl "180+1"]
[Date "2022.12.07"]
[WhiteClock "0:00:18"]
[BlackClock "0:00:02"]

1. e4 e5 2. Nf3 Nc6 3. Bb5 a6 4. Ba4 Nf6 5. O-O Be7 6. Re1 b5 7. Bb3 d6 8. a4 Bb7 9. c3 O-O 10. d4 Re8 11. Nbd2 Bf8 12. Ng5 Re7 13. Ndf3 h6 14. Nh3 exd4 15. cxd4 d5 16. e5 Ne4 17. Nf4 Nb4 18. Bd2 a5 19. axb5 Qd7 20. e6 fxe6 21. Ne5 Qe8 22. Nfg6 Rf7 23. Nxf7 Qxf7 24. Nf4 g5 25. Nh3 Nd3 26. Rf1 Bg7 27. Be3 Nxb2 28. Qc2 Nc4 29. Bxc4 dxc4 30. Qxc4 Bd5 31. Qc2 Qd7 32. Rfb1 Nd6 33. b6 Be4 34. Qxc7 Qxc7 35. bxc7 Bxb1 36. Rxb1 Rc8 37. Rb8 Kf7 38. d5 exd5 39. Bb6 a4 40. f4 Bf6 41. Nf2 Ke6 42. Nd3 Kd7 43. Nc5+ Kc6 44. Nxa4 gxf4 45. Kf1 d4 46. Ke2 1-0


[Site "https://www.chess.com"]

[Event "Titled Tuesday Blitz December 06 Early 2022"]
[White "Martinez Alcantara, Jose Eduardo"]
[Black "Aravindh, Chithambaram VR."]
[WhiteFideId "3805662"]
[BlackFideId "5072786"]
[WhiteElo "2707"]
[BlackElo "2586"]
[Result "1-0"]
[Round "07"]
[TimeControl "180+1"]
[Date "2022.12.06"]
[WhiteClock "0:00:42"]
[BlackClock "0:00:01"]

1. e4 e5 2. Nf3 Nc6 3. Bb5 a6 4. Ba4 Nf6 5. d3 b5 6. Bb3 Bc5 7. c3 d6 8. Bg5 h6 9. Bh4 Bb6 10. Nbd2 Ne7 11. Bxf6 gxf6 12. Qe2 h5 13. Nh4 Ng6 14. Nf5 d5 15. Qf3 Nf4 16. d4 dxe4 17. Qxe4 Nxg2+ 18. Kf1 Bxf5 19. Qxf5 Nh4 20. Qe4 Ng6 21. Rg1 Kf8 22. Bxf7 Nf4 23. Bb3 Qc8 24. Rg3 h4 25. Rf3 Qg4 26. Qxa8+ Kg7 27. Qe4 Qg2+ 28. Ke1 Qg1+ 29. Nf1 Kh6 30. Rxf4 exf4 31. Qxf4+ Kg7 32. Kd2 Qg2 33. Ne3 1-0


[Site "https://www.chess.com"]

[Event "Titled Tuesday Blitz December 06 Early 2022"]
[White "Martinez Reyes, Pedro Ramon"]
[Black "Skibbe, Willi"]
[WhiteFideId "3901807"]
[BlackFideId "4682190"]
[WhiteElo "2556"]
[BlackElo "2375"]
[Result "0-1"]
[Round "07"]
[TimeControl "180+1"]
[Date "2022.12.07"]
[WhiteClock "0:02:00"]
[BlackClock "0:01:26"]

1. d4 d5 2. c4 e6 3. Nc3 Nf6 4. Nf3 Be7 5. Bg5 Nbd7 6. cxd5 exd5 7. e3 c6 8. Bd3 h6 9. Bh4 O-O 10. Qc2 Re8 11. h3 Ne4 12. Bxe7 Qxe7 13. O-O Nd6 14. Rfe1 Nf6 15. Ne5 Bd7 16. b4 a6 17. a4 b5 18. axb5 axb5 19. Bf5 Bxf5 20. Nxc6 Bxc2 21. Nxe7+ Kf8 22. Nexd5 Nxd5 23. Nxd5 Rxa1 24. Rxa1 Bb3 25. Nc3 Bc4 26. f3 Rxe3 27. Ra3 g5 28. Kf2 Rd3 29. d5 Bxd5 30. Ke2 Bc4 31. Kf2 Kg7 32. Nb1 Rxa3 33. Nxa3 Nf5 34. g3 0-1


[Site "https://www.chess.com"]

[Event "Titled Tuesday Blitz December 06 Early 2022"]
[White "Mendez Fortes, Eduardo Jesus"]
[Black "Yeremyan, Alen"]
[WhiteFideId "3502376"]
[BlackFideId "13308998"]
[WhiteElo "2556"]
[BlackElo "2742"]
[Result "0-1"]
[Round "07"]
[TimeControl "180+1"]
[Date "2022.12.07"]
[WhiteClock "0:00:04"]
[BlackClock "0:00:20"]

1. e4 Nf6 2. e5 Nd5 3. d4 d6 4. Nf3 Bg4 5. Be2 c6 6. h3 Bxf3 7. Bxf3 dxe5 8. dxe5 e6 9. O-O Nd7 10. c4 Ne7 11. Re1 Qc7 12. Bf4 O-O-O 13. Qe2 Ng6 14. Bh2 Bb4 15. Nc3 Bxc3 16. bxc3 Nc5 17. Red1 Rxd1+ 18. Rxd1 Rd8 19. Rd4 Ne7 20. g4 Qa5 21. Qe3 Na4 22. Qd3 Ng6 23. Bg3 Nc5 24. Qe3 Rd7 25. h4 Nf8 26. Rd6 Rxd6 27. exd6 f6 28. g5 Ncd7 29. gxf6 gxf6 30. Qh6 Qf5 31. Kg2 Qg6 32. Qe3 Kb8 33. h5 Qg7 34. h6 Qg6 35. Be4 f5 36. Bf3 e5 37. Kf1 f4 38. Bxf4 exf4 39. Qe7 a6 40. c5 Ka7 41. Qd8 Qd3+ 42. Kg2 Qxc3 43. Bxc6 Qxc5 44. Be4 Qxd6 45. Qc8 Nc5 46. Bf5 Nfd7 47. Qg8 Nf6 48. Qg7 Qd5+ 49. Kg1 Qxf5 50. Kf1 f3 51. Qf8 Qb1# 0-1


[Site "https://www.chess.com"]

[Event "Titled Tuesday Blitz December 06 Early 2022"]
[White "Moksh Amit Doshi"]
[Black "Valle Maytin, Luis Enrique"]
[WhiteFideId "25064967"]
[BlackFideId "3503666"]
[WhiteElo "2560"]
[BlackElo "2408"]
[Result "0-1"]
[Round "07"]
[TimeControl "180+1"]
[Date "2022.12.07"]
[WhiteClock "0:00:40"]
[BlackClock "0:00:07"]

1. e4 c6 2. Nf3 d5 3. d3 dxe4 4. dxe4 Qxd1+ 5. Kxd1 Bg4 6. Nd2 Nd7 7. h3 Bh5 8. g4 Bg6 9. Nh4 Nc5 10. Nxg6 hxg6 11. b3 O-O-O 12. Ke2 Nf6 13. Bg2 Ne6 14. e5 Nd5 15. Bxd5 Rxd5 16. Bb2 Nf4+ 17. Ke3 Ng2+ 18. Ke2 e6 19. Ne4 Be7 20. Rag1 Nh4 21. f4 Rhd8 22. Rd1 Ng2 23. Bc1 f5 24. exf6 gxf6 25. c4 Rxd1 26. Rxd1 Rxd1 27. Kxd1 f5 28. Nf2 Bd6 29. Nd3 Nh4 30. Ke2 Bc7 31. Be3 Kd7 32. g5 Ng2 33. Bf2 Nxf4+ 34. Nxf4 Bxf4 35. h4 a6 36. Kd3 e5 37. a4 Ke6 38. Ke2 e4 39. Be1 Be5 40. Bf2 f4 41. Be1 Kf5 42. Kf2 Bd4+ 43. Kg2 Kg4 44. b4 f3+ 45. Kf1 e3 0-1


[Site "https://www.chess.com"]

[Event "Titled Tuesday Blitz December 06 Early 2022"]
[White "Molina, Roberto Junio Brito"]
[Black "Kvaloy, Aksel Bu"]
[WhiteFideId "2109450"]
[BlackFideId "1528815"]
[WhiteElo "2747"]
[BlackElo "2510"]
[Result "1-0"]
[Round "07"]
[TimeControl "180+1"]
[Date "2022.12.07"]
[WhiteClock "0:02:38"]
[BlackClock "0:02:37"]

1. d4 Nf6 2. Nf3 e6 3. e3 d5 4. Bd3 Bd6 5. Nbd2 O-O 6. O-O c5 7. c3 Nbd7 8. Re1 e5 9. e4 dxe4 10. Nxe4 Nxe4 11. Rxe4 exd4 12. cxd4 cxd4 13. Rxd4 Nf6 14. Rxd6 Qxd6 15. Bxh7+ 1-0


[Site "https://www.chess.com"]

[Event "Titled Tuesday Blitz December 06 Early 2022"]
[White "Movahed, Sina"]
[Black "Sarana, Alexey"]
[WhiteFideId "42520835"]
[BlackFideId "24133795"]
[WhiteElo "2225"]
[BlackElo "2708"]
[Result "0-1"]
[Round "07"]
[TimeControl "180+1"]
[Date "2022.12.06"]
[WhiteClock "0:00:10"]
[BlackClock "0:01:27"]

1. e4 c5 2. Nf3 d6 3. d4 cxd4 4. Nxd4 Nf6 5. Nc3 a6 6. Bg5 e6 7. f4 Qb6 8. Qd2 Qxb2 9. Rb1 Qa3 10. e5 Nfd7 11. Rb3 Qa5 12. exd6 Nc5 13. Rb1 Bxd6 14. Bc4 O-O 15. O-O b5 16. Be2 b4 17. Nb3 Qb6 18. Nd4 Qa5 19. Nd1 Ne4 20. Qe3 Nxg5 21. fxg5 Qe5 22. Qxe5 Bxe5 23. Nf3 Bd6 24. Ne3 Bc5 25. Kf2 Nc6 26. Rfc1 Ne7 27. c3 Nd5 0-1


[Site "https://www.chess.com"]

[Event "Titled Tuesday Blitz December 06 Early 2022"]
[White "Mrudul Dehankar"]
[Black "D`Arruda, Ricardo D."]
[WhiteFideId "25096990"]
[BlackFideId "100692"]
[WhiteElo "2139"]
[BlackElo "2443"]
[Result "0-1"]
[Round "07"]
[TimeControl "180+1"]
[Date "2022.12.07"]
[WhiteClock "0:00:01"]
[BlackClock "0:01:00"]

1. e4 c5 2. Nf3 Nc6 3. d4 cxd4 4. Nxd4 e5 5. Nb5 a6 6. Nd6+ Bxd6 7. Qxd6 Qe7 8. Qd1 Nf6 9. Nc3 d6 10. Bg5 Be6 11. Nd5 Bxd5 12. exd5 Nb8 13. c4 h6 14. Be3 Qc7 15. Be2 Nbd7 16. O-O O-O 17. b4 b6 18. a3 a5 19. Qb3 Ra7 20. Rfc1 Rfa8 21. Qb2 axb4 22. axb4 Ra4 23. Rxa4 Rxa4 24. Bd1 Ra8 25. Bb3 Qa7 26. h3 g5 27. Bd2 Ne4 28. Be1 Qa3 29. Qc2 Nef6 30. Bc3 Qa7 31. Qf5 Kg7 32. h4 gxh4 33. Bb2 Rc8 34. Kh2 b5 35. cxb5 Rxc1 36. Bxc1 Qd4 37. Bc2 Qxb4 38. Be3 Qxb5 39. Qf3 Qc4 40. Qh3 Qxc2 41. Qxh4 Qg6 42. f3 Nxd5 43. Bf2 N7f6 44. g3 e4 0-1


[Site "https://www.chess.com"]

[Event "Titled Tuesday Blitz December 06 Early 2022"]
[White "Ohanyan, Emin"]
[Black "Kim, Sergey"]
[WhiteFideId "13312022"]
[BlackFideId "13700570"]
[WhiteElo "2352"]
[BlackElo "2628"]
[Result "1-0"]
[Round "07"]
[TimeControl "180+1"]
[Date "2022.12.06"]
[WhiteClock "0:00:19"]
[BlackClock "0:00:10"]

1. e4 e5 2. Nc3 Nf6 3. Bc4 Bc5 4. d3 Nc6 5. f4 d6 6. Nf3 Bg4 7. Na4 O-O 8. Nxc5 dxc5 9. O-O Bxf3 10. Rxf3 Nd4 11. Rf1 exf4 12. Bxf4 b5 13. Bb3 c4 14. dxc4 Nxb3 15. axb3 bxc4 16. bxc4 Nxe4 17. Qd5 Nf6 18. Qxd8 Rfxd8 19. Bxc7 Rdc8 20. Be5 Ng4 21. Bd4 Rxc4 22. c3 a6 23. b4 Rcc8 24. Ra3 Nh6 25. Rfa1 Nf5 26. Bc5 Re8 27. Rxa6 Rad8 28. Rf1 g6 29. Bf2 Re2 30. Raa1 Rc2 31. Rac1 Rb2 32. Rfd1 Re8 33. Re1 Rd8 34. Rcd1 Rc8 35. Bc5 h5 36. Rf1 h4 37. Rf2 Rb3 38. Rc1 Re8 39. Rfc2 h3 40. gxh3 Nh4 41. Kf2 Re4 42. Bd6 f5 43. Bg3 g5 44. Bxh4 Rxh4 45. Rg1 Rxh3 46. Rxg5+ Kh7 47. Kg2 Rhxc3 48. Rxc3 Rxc3 49. Rxf5 Rb3 50. Rf4 Kg6 51. h4 Kh5 52. Kf1 Rb2 53. Ke1 Kg6 54. Kd1 Kg7 55. Kc1 Rb3 56. Kc2 Rh3 57. b5 Rh2+ 58. Kb3 Rh3+ 59. Kb4 Rh1 60. Kc5 Rc1+ 61. Kb6 1-0


[Site "https://www.chess.com"]

[Event "Titled Tuesday Blitz December 06 Early 2022"]
[White "Oparin, Grigoriy"]
[Black "Piesik, Piotr"]
[WhiteFideId "24125890"]
[BlackFideId "1136194"]
[WhiteElo "2641"]
[BlackElo "2316"]
[Result "1-0"]
[Round "07"]
[TimeControl "180+1"]
[Date "2022.12.06"]
[WhiteClock "0:00:18"]
[BlackClock "0:00:06"]

1. Nf3 Nf6 2. g3 g6 3. c4 Bg7 4. Bg2 O-O 5. Nc3 c6 6. e4 d5 7. cxd5 cxd5 8. e5 Ne4 9. d4 Bg4 10. O-O Nc6 11. h3 Bxf3 12. Bxf3 Nxc3 13. bxc3 e6 14. h4 Na5 15. h5 Re8 16. Kg2 g5 17. h6 Bf8 18. Rh1 Be7 19. Be2 Rc8 20. Bd2 Kh8 21. Rh5 Rg8 22. Rb1 b6 23. Bd3 Nc4 24. Bc1 f5 25. exf6 Bxf6 26. Qg4 Qe7 27. a4 e5 28. Rb5 e4 29. Bxc4 dxc4 30. Bxg5 e3 31. fxe3 Bxg5 32. Rhxg5 Qxe3 33. Kh3 Rcf8 34. Rxg8+ Rxg8 35. Qf4 Qe6+ 36. g4 Rg6 37. Rh5 Rf6 38. Qb8+ Qg8 39. Qxg8+ Kxg8 40. Kg3 Rf1 41. Rg5+ Kf8 42. Rf5+ Rxf5 43. gxf5 a5 44. Kf4 Ke7 45. Ke5 b5 46. axb5 a4 47. f6+ Kf7 48. b6 a3 49. b7 a2 50. b8=Q a1=Q 51. Qc7+ Kg6 52. Qg7+ Kh5 53. f7 Qa5+ 54. Kf4 Qd5 55. Qg4+ 1-0


[Site "https://www.chess.com"]

[Event "Titled Tuesday Blitz December 06 Early 2022"]
[White "Oro, Faustino"]
[Black "Mkrtchian, Lilit"]
[WhiteFideId "20000197"]
[BlackFideId "13300601"]
[WhiteElo "2642"]
[BlackElo "2497"]
[Result "1-0"]
[Round "07"]
[TimeControl "180+1"]
[Date "2022.12.07"]
[WhiteClock "0:00:08"]
[BlackClock "0:00:01"]

1. e4 e6 2. d4 d5 3. Nd2 c5 4. Ngf3 cxd4 5. Nxd4 Nc6 6. Nxc6 bxc6 7. Bd3 Nf6 8. O-O Be7 9. Qe2 O-O 10. Rd1 Bb7 11. Nf3 c5 12. exd5 exd5 13. c3 Re8 14. Bg5 Qc7 15. Qc2 h6 16. Bh4 Ne4 17. Bxe7 Rxe7 18. Re1 Rae8 19. Rad1 Qf4 20. Qc1 Qf6 21. Re2 Bc6 22. Rde1 Bd7 23. c4 Bg4 24. Re3 Bxf3 25. Rxf3 Ng5 26. Rfe3 Rxe3 27. Rxe3 Rxe3 28. Qxe3 g6 29. cxd5 Qxb2 30. Qxc5 Qa1+ 31. Bf1 Ne4 32. Qe3 Nd6 33. Qxh6 Qxa2 34. Qg5 Qxf2+ 35. Kxf2 Ne4+ 36. Ke3 Nxg5 37. h4 Nh7 38. Kd4 Kf8 39. d6 Nf6 40. Bb5 a6 41. Bxa6 Ke8 42. Bb5+ Kd8 43. Ke5 Ng4+ 44. Kf4 Nf6 45. Bc4 Kd7 46. Bxf7 Kxd6 47. Bxg6 Ke7 48. Kg5 1-0


[Site "https://www.chess.com"]

[Event "Titled Tuesday Blitz December 06 Early 2022"]
[White "Osinovsky, Stepan"]
[Black "Concio, Michael Jr."]
[WhiteFideId "4157354"]
[BlackFideId "5217873"]
[WhiteElo "2486"]
[BlackElo "2749"]
[Result "0-1"]
[Round "07"]
[TimeControl "180+1"]
[Date "2022.12.07"]
[WhiteClock "0:00:04"]
[BlackClock "0:00:51"]

1. e4 e5 2. Nf3 Nc6 3. Bb5 Nf6 4. d3 d6 5. Nbd2 Bd7 6. c3 g6 7. Nf1 Bg7 8. h3 O-O 9. g4 d5 10. Ng3 dxe4 11. dxe4 Nd4 12. Nxd4 exd4 13. Bxd7 Qxd7 14. Qxd4 Qxd4 15. cxd4 Nxe4 16. Nxe4 Rfe8 17. f3 f5 18. gxf5 gxf5 19. Be3 fxe4 20. f4 Rad8 21. Rg1 Kf7 22. Rd1 Bf6 23. Ke2 Rg8 24. Rxg8 Rxg8 25. Rg1 Rxg1 26. Bxg1 Ke6 27. b3 c6 28. d5+ cxd5 29. Bxa7 d4 30. a4 Kf5 31. Bb8 d3+ 32. Ke3 Be7 33. Ba7 Bd6 34. Kd2 Bxf4+ 35. Be3 Bxe3+ 36. Kxe3 Ke5 37. b4 Kd5 0-1


[Site "https://www.chess.com"]

[Event "Titled Tuesday Blitz December 06 Early 2022"]
[White "Ovchinnikov, Vsevolod"]
[Black "Lamaze, Simon"]
[WhiteFideId "24176842"]
[BlackFideId "36069264"]
[WhiteElo "2500"]
[BlackElo "2637"]
[Result "0-1"]
[Round "07"]
[TimeControl "180+1"]
[Date "2022.12.07"]
[WhiteClock "0:00:01"]
[BlackClock "0:01:03"]

1. d4 Nf6 2. c4 g6 3. Nc3 Bg7 4. e4 d6 5. Nf3 O-O 6. h3 e5 7. d5 Nbd7 8. Be3 a5 9. g4 Nc5 10. Nd2 Nfd7 11. a3 a4 12. h4 c6 13. Qf3 Kh8 14. h5 Kg8 15. g5 f5 16. hxg6 hxg6 17. Qh3 f4 18. Bxc5 Nxc5 19. Qg2 Bd7 20. Be2 b5 21. dxc6 Bxc6 22. cxb5 Bb7 23. Bc4+ Rf7 24. Qh3 Kf8 25. Bxf7 Kxf7 26. O-O-O Bc8 27. Qf3 Be6 28. Kb1 Rb8 29. Rhg1 Qa5 30. Rc1 Bf8 31. Rh1 Bg7 32. Qe2 Qb6 33. Nc4 Qd8 34. Rhd1 Kg8 35. Rxd6 Qe7 36. Rcd1 Nb3 0-1


[Site "https://www.chess.com"]

[Event "Titled Tuesday Blitz December 06 Early 2022"]
[White "Ozen, Bahadir"]
[Black "Koellner, Ruben Gideon"]
[WhiteFideId "6337058"]
[BlackFideId "12993093"]
[WhiteElo "2503"]
[BlackElo "2303"]
[Result "1-0"]
[Round "07"]
[TimeControl "180+1"]
[Date "2022.12.06"]
[WhiteClock "0:00:28"]
[BlackClock "0:00:05"]

1. g3 d5 2. Nf3 Nf6 3. Bg2 Nbd7 4. O-O e5 5. d3 c6 6. e4 Bd6 7. Nbd2 O-O 8. b3 a5 9. a3 a4 10. b4 b5 11. Bb2 d4 12. c3 c5 13. cxd4 cxd4 14. Rc1 Nb6 15. Nh4 Ne8 16. Nf5 f6 17. f4 Be6 18. Nxd6 Nxd6 19. Nf3 Nd7 20. Qd2 Rc8 21. Rxc8 Qxc8 22. Rc1 Qb8 23. h3 Rc8 24. fxe5 fxe5 25. Ng5 Bb3 26. h4 h6 27. Bh3 hxg5 28. Bxd7 Rxc1+ 29. Bxc1 Qd8 30. Bg4 gxh4 31. Qf2 hxg3 32. Qxg3 Qf6 33. Bg5 Qg6 34. Qxe5 Nf7 35. Qe8+ 1-0


[Site "https://www.chess.com"]

[Event "Titled Tuesday Blitz December 06 Early 2022"]
[White "Pajeken, Jakob Leon"]
[Black "Grandelius, Nils"]
[WhiteFideId "12942839"]
[BlackFideId "1710400"]
[WhiteElo "2618"]
[BlackElo "2870"]
[Result "0-1"]
[Round "07"]
[TimeControl "180+1"]
[Date "2022.12.07"]
[WhiteClock "0:00:09"]
[BlackClock "0:00:41"]

1. d4 f5 2. Nf3 Nf6 3. g3 g6 4. Bg2 Bg7 5. O-O O-O 6. b3 Ne4 7. Bb2 a5 8. Nfd2 Nf6 9. c4 a4 10. d5 c6 11. b4 cxd5 12. cxd5 d6 13. a3 Nbd7 14. Nc3 Nb6 15. Rb1 Bd7 16. Nf3 Nc4 17. Nd4 Qb6 18. Qd3 Ne5 19. Qd2 Nfg4 20. Ne6 Bxe6 21. dxe6 Nc4 22. Qd3 Nxb2 23. Rxb2 Qd4 24. Rc2 Rac8 25. Qxd4 Bxd4 26. Rfc1 Bxf2+ 27. Kf1 Be3 28. Nd5 Bxc1 29. Nxe7+ Kg7 30. Rxc8 Rxc8 31. Nxc8 Ne3+ 32. Kf2 Nxg2 33. Kxg2 Bxa3 34. Nxd6 Kf6 35. Nxb7 Bxb4 36. Nd8 a3 37. Nc6 a2 0-1


[Site "https://www.chess.com"]

[Event "Titled Tuesday Blitz December 06 Early 2022"]
[White "Palacio,Igor Da Paz"]
[Black "Garv Gaur"]
[WhiteFideId "2121140"]
[BlackFideId "45030839"]
[WhiteElo "2218"]
[BlackElo "2481"]
[Result "0-1"]
[Round "07"]
[TimeControl "180+1"]
[Date "2022.12.07"]
[WhiteClock "0:00:01"]
[BlackClock "0:00:05"]

1. e4 Nc6 2. Nc3 d6 3. d4 g6 4. Be3 Bg7 5. Qd2 e5 6. Nge2 a6 7. O-O-O b5 8. Nd5 Nge7 9. Bg5 h6 10. Bf6 O-O 11. h4 Be6 12. Bxg7 Kxg7 13. Nxe7 Nxe7 14. d5 Bd7 15. f3 f5 16. g3 fxe4 17. fxe4 Bg4 18. Rh2 Qd7 19. Re1 Rf3 20. Bg2 Rf2 21. Qe3 Raf8 22. Ng1 Nc8 23. Kb1 Nb6 24. b3 c6 25. Qxb6 cxd5 26. exd5 Qc8 27. Ne2 Bxe2 28. Bh3 Qc3 29. Rxf2 Qxe1+ 30. Kb2 Qxf2 0-1


[Site "https://www.chess.com"]

[Event "Titled Tuesday Blitz December 06 Early 2022"]
[White "Petrova, Irina"]
[Black "Lehtosaari, Mauri"]
[WhiteFideId "14124122"]
[BlackFideId "501999"]
[WhiteElo "2376"]
[BlackElo "2498"]
[Result "0-1"]
[Round "07"]
[TimeControl "180+1"]
[Date "2022.12.07"]
[WhiteClock "0:00:22"]
[BlackClock "0:00:18"]

1. e4 c5 2. Nf3 e6 3. c4 Nc6 4. Nc3 Nd4 5. g3 Ne7 6. Bg2 Nec6 7. O-O Be7 8. a3 O-O 9. Rb1 b6 10. d3 Nxf3+ 11. Bxf3 Nd4 12. Bg2 Bb7 13. b4 Qc7 14. Ne2 Bf6 15. Nxd4 Bxd4 16. Bb2 Bxb2 17. Rxb2 d6 18. f4 f5 19. b5 Rae8 20. a4 d5 21. cxd5 exd5 22. e5 d4 23. Bxb7 Qxb7 24. Qf3 Qf7 25. Rc1 h6 26. a5 Rc8 27. axb6 axb6 28. Rc4 Rfd8 29. Ra4 c4 30. Rxc4 Rxc4 31. dxc4 Qxc4 32. Qc6 Qd3 33. Qc2 Qe3+ 34. Qf2 Qc1+ 35. Kg2 d3 36. Qd2 Qc4 37. Kf2 Qd4+ 38. Kf1 Kh8 39. Rb1 Rc8 40. Rd1 Rc2 41. Qe1 Qd5 42. Rd2 Qh1+ 43. Kf2 Qxh2+ 44. Ke3 Rxd2 45. Qxd2 Qxg3+ 46. Kd4 Qf3 47. Qxd3 Qxd3+ 48. Kxd3 Kg8 49. Ke3 Kf7 50. Kf3 Ke6 51. Kg3 g5 0-1


[Site "https://www.chess.com"]

[Event "Titled Tuesday Blitz December 06 Early 2022"]
[White "Postnikov, Artem"]
[Black "Ahn, Hongjin"]
[WhiteFideId "34153575"]
[BlackFideId "13201492"]
[WhiteElo "2536"]
[BlackElo "2442"]
[Result "1/2-1/2"]
[Round "07"]
[TimeControl "180+1"]
[Date "2022.12.07"]
[WhiteClock "0:00:26"]
[BlackClock "0:00:19"]

1. d4 Nf6 2. c4 e6 3. Nc3 Bb4 4. Qc2 d5 5. cxd5 Qxd5 6. e3 c5 7. Bd2 Bxc3 8. Bxc3 Nc6 9. dxc5 Qxc5 10. Nf3 Nd5 11. Rc1 Nxc3 12. Qxc3 Qxc3+ 13. Rxc3 Bd7 14. Bb5 Ke7 15. O-O Rac8 16. Rfc1 a6 17. Bxc6 Bxc6 18. Ne5 Rhd8 19. Nxc6+ Rxc6 20. Rxc6 bxc6 21. g4 Rd6 22. Rc5 Rd2 23. Rxc6 Rxb2 24. Rxa6 h6 25. Kg2 Kf6 26. h4 g6 27. Ra7 Rc2 28. Kg3 Re2 29. a4 Ra2 30. f4 h5 31. g5+ Kg7 32. a5 Re2 33. Kf3 Rh2 34. Kg3 Re2 35. Kf3 Rh2 36. Kg3 Re2 1/2-1/2


[Site "https://www.chess.com"]

[Event "Titled Tuesday Blitz December 06 Early 2022"]
[White "Predke, Alexandr"]
[Black "Jobava, Baadur"]
[WhiteFideId "24107581"]
[BlackFideId "13601520"]
[WhiteElo "2616"]
[BlackElo "2582"]
[Result "1-0"]
[Round "07"]
[TimeControl "180+1"]
[Date "2022.12.06"]
[WhiteClock "0:00:19"]
[BlackClock "0:00:03"]

1. Nf3 d5 2. g3 c6 3. Bg2 Nf6 4. O-O Bf5 5. c4 e6 6. d3 Nbd7 7. Qc2 h6 8. b3 Be7 9. Bb2 O-O 10. Nbd2 Bh7 11. Rad1 Re8 12. e4 dxe4 13. dxe4 Nc5 14. Ne5 a5 15. Rfe1 Qb6 16. Bd4 Rad8 17. Be3 a4 18. Rb1 Qc7 19. Bxc5 Bxc5 20. Nd3 Ba7 21. Rbd1 axb3 22. axb3 Ng4 23. c5 Rxd3 24. Qxd3 Bxc5 25. Rf1 g5 26. Qe2 Ne5 27. Nc4 Ng6 28. e5 Ra8 29. Rd2 Kg7 30. Rfd1 Nf8 31. Be4 Bxe4 32. Qxe4 Bb4 33. Rd3 Ra2 34. h4 Bc5 35. Rf3 Ng6 36. Nd6 Bxd6 37. exd6 Qd7 38. h5 Nf8 39. Qe5+ Kg8 40. Qf6 Nh7 41. Qe7 Nf8 42. Rxf7 Qxe7 43. Rxe7 Ra8 44. d7 Rd8 45. Re8 1-0


[Site "https://www.chess.com"]

[Event "Titled Tuesday Blitz December 06 Early 2022"]
[White "Raahul V S"]
[Black "Papasimakopoulos, Alexandros"]
[WhiteFideId "25035525"]
[BlackFideId "4244125"]
[WhiteElo "2532"]
[BlackElo "2753"]
[Result "1-0"]
[Round "07"]
[TimeControl "180+1"]
[Date "2022.12.07"]
[WhiteClock "0:00:06"]
[BlackClock "0:00:06"]

1. c4 e6 2. Nc3 d5 3. d4 Be7 4. cxd5 exd5 5. Bf4 c6 6. e3 Bd6 7. Nge2 Nf6 8. Qc2 O-O 9. Bxd6 Qxd6 10. Ng3 Re8 11. Bd3 Nbd7 12. O-O Nf8 13. Rae1 h5 14. f3 h4 15. Nh1 Bd7 16. Nf2 c5 17. dxc5 Qxc5 18. e4 dxe4 19. Nxe4 Qb6 20. Nxf6+ Qxf6 21. Ne4 Qb6+ 22. Qf2 Red8 23. Rd1 Ne6 24. Qxb6 axb6 25. a3 Nf4 26. Bc4 Be6 27. Bxe6 Nxe6 28. Nd6 Rd7 29. Rd2 Rc8 30. Rfd1 Rc5 31. Ne4 Rxd2 32. Rxd2 Rc7 33. Nc3 g5 34. Nd5 Rc1+ 35. Kf2 b5 36. Nc3 Rh1 37. h3 Nf4 38. Nxb5 Nh5 39. Re2 Ng3 40. Re1 Kf8 41. Nd6 b6 42. Nc4 b5 43. Nd6 b4 44. axb4 Rxe1 45. Kxe1 Ke7 46. Ne4 Nf5 47. Nxg5 Ne3 48. Kf2 Nd1+ 49. Ke2 Nxb2 50. f4 Kf6 51. b5 Nc4 52. Ne4+ Kf5 53. Nd2 Nd6 54. Ke3 Nxb5 55. Nf3 Nd6 56. Nxh4+ Kf6 57. g4 Nc4+ 58. Kd3 Nb2+ 59. Kd4 Na4 60. g5+ Ke6 61. f5+ Kd6 62. Nf3 Nb6 63. Ne5 Ke7 64. Kc5 Na4+ 65. Kc4 Nb2+ 66. Kd5 Nd1 67. f6+ Kf8 68. h4 Ne3+ 69. Ke4 Ng2 70. h5 Kg8 71. Nf3 Kf8 72. Nd4 Nh4 73. Nf5 Ng2 74. Ne3 Nh4 75. Kf4 Kg8 76. Kg4 Ng6 77. hxg6 fxg6 78. Kf4 Kf7 79. Ke5 Kg8 80. Ke6 Kh7 81. Ng4 Kg8 82. Ne5 Kf8 83. Nd7+ Kg8 84. f7+ Kh7 85. f8=R Kg7 86. Rf7+ Kg8 87. Nf6+ Kh8 88. Rh7# 1-0


[Site "https://www.chess.com"]

[Event "Titled Tuesday Blitz December 06 Early 2022"]
[White "Rangel, Daniel"]
[Black "Jiganchine, Roman"]
[WhiteFideId "2124475"]
[BlackFideId "2603667"]
[WhiteElo "2538"]
[BlackElo "2346"]
[Result "1/2-1/2"]
[Round "07"]
[TimeControl "180+1"]
[Date "2022.12.07"]
[WhiteClock "0:00:14"]
[BlackClock "0:00:08"]

1. d4 d5 2. c4 e6 3. Nc3 Nf6 4. cxd5 exd5 5. Bf4 c6 6. e3 Bf5 7. Nf3 Nbd7 8. Ne5 Nxe5 9. Bxe5 Be7 10. Be2 O-O 11. g4 Be6 12. h4 c5 13. h5 Qb6 14. Rb1 Ne4 15. Nxe4 dxe4 16. h6 Qa5+ 17. Kf1 g6 18. dxc5 Qxc5 19. Bd4 Qg5 20. a3 Rfd8 21. Qa4 Bxg4 22. Bxg4 Qxg4 23. Qb3 Qf3 24. Rg1 Qh3+ 25. Ke1 Rxd4 26. Qxb7 Rad8 27. Qxe7 R4d7 28. Qf6 Qxh6 29. Rc1 Qh5 30. Kf1 Rd1+ 31. Kg2 Rxg1+ 32. Kxg1 Qg4+ 33. Kf1 Qh3+ 34. Kg1 Qg4+ 35. Kf1 Qh3+ 36. Ke2 Qg4+ 37. Kf1 1/2-1/2


[Site "https://www.chess.com"]

[Event "Titled Tuesday Blitz December 06 Early 2022"]
[White "Rian, Kapriaga"]
[Black "Larina, Maria"]
[WhiteFideId "7103263"]
[BlackFideId "24113182"]
[WhiteElo "2281"]
[BlackElo "1848"]
[Result "1-0"]
[Round "07"]
[TimeControl "180+1"]
[Date "2022.12.07"]
[WhiteClock "0:00:08"]
[BlackClock "0:00:01"]

1. d4 f5 2. Nc3 Nf6 3. Bg5 d5 4. e3 e6 5. Nf3 Be7 6. Bd3 O-O 7. Ne2 c5 8. c3 c4 9. Bc2 b5 10. O-O Nc6 11. b3 a5 12. a4 b4 13. Nd2 Ba6 14. bxc4 dxc4 15. Re1 b3 16. Bb1 h6 17. Bxf6 Bxf6 18. Nf4 Qd6 19. Nxb3 cxb3 20. Qxb3 Rfe8 21. Ba2 Rab8 22. Qc2 Kh8 23. Rab1 e5 24. Nd5 exd4 25. exd4 Bg5 26. Qxf5 Rf8 27. Rxb8 Rxb8 28. g3 Rf8 29. Qe4 Nd8 30. Bb1 g6 31. h4 Bd2 32. Rd1 Bxc3 33. Nxc3 Qf6 34. Rd2 Nc6 35. Nd5 Qd8 36. Nf4 Rf6 37. Nxg6+ Kg7 38. Nf4 Qh8 39. Nh5+ Kf7 40. Nxf6 Qxf6 41. Bd3 Nxd4 42. Bc4+ 1-0


[Site "https://www.chess.com"]